 Dungeon Crawl Stone Soup version 0.32-a0-42-ga30500b4d3 (webtiles) character file.

Game seed: 6678618606740114032

439 CraigForest the Slasher (level 6, -1/69 (73) HPs)
             Began as a Demonspawn Gladiator on Feb 2, 2024.
             Slain by a wight
             ... wielding a +3 great sword
              (3 damage)
             ... on level 4 of the Dungeon.
             The game lasted 00:08:54 (2628 turns).

CraigForest the Slasher (Demonspawn Gladiator)      Turns: 2628, Time: 00:08:54

HP:   -1/69 (73)    AC: 23    Str: 15    XL:     6   Next: 70%
MP:   6/6           EV:  2    Int:  8    God:
Gold: 206           SH:  0    Dex: 16    Spells: 4/5 levels left

rFire   . . .        a - +0 long sword
rCold   . . .        (no shield)
rNeg    . . .        n - melded +0 ring mail
rPois   +            h - melded +2 helmet {SInv}
rElec   .            (cloak currently unavailable)
rCorr   .            (gloves currently unavailable)
SInv    .            (boots currently unavailable)
Will    .....        (no amulet)
Stlth   ++           (no ring)
HPRegen 0.31/turn    (no ring)
MPRegen 0.10/turn

%: no passive effects
@: tree-form (expiring), studying Fighting, drained
A: stationary, stasis, torment immunity, boosted hp, powered by death 1,
(weakness stinger 2)
a: no special abilities


You were on level 4 of the Dungeon.
You were a tree.
You visited 1 branch of the dungeon, and saw 4 of its levels.

You collected 206 gold pieces.

Inventory:

Hand Weapons
 a - a +0 long sword (weapon)
 f - a +0 sling
 q - a +1 whip of flaming
Missiles
 d - 3 throwing nets
 e - a javelin
Armour
 b - a +0 leather armour
 c - a +0 helmet
 h - a +2 helmet of see invisible (melded)
 m - a +1 helmet
 n - a +0 ring mail (melded)
 x - a +0 plate armour
Jewellery
 p - a ring of positive energy
Wands
 s - a wand of polymorph (4)
 u - a wand of charming (11)
Scrolls
 i - a scroll of noise {unknown}
 j - a scroll of vulnerability {unknown}
 l - a scroll of poison {unknown}
 r - a scroll of summoning {unknown}
Potions
 g - a potion of lignification
 k - a potion of curing
 o - a potion of degeneration
 t - a potion of attraction {unknown}
 v - 3 potions of heal wounds
 w - a potion of resistance {unknown}


   Skills:
 + Level 4.4 Fighting
 + Level 5.2 Long Blades
 + Level 1.8 Throwing
 + Level 2.1 Armour
 + Level 3.5 Dodging
 + Level 1.1 Stealth


You had 4 spell levels left.
You knew the following spells:

 Your Spells              Type           Power      Damage    Failure   Level
a - Foxfire               Conj/Fire      0%         2x1d4     41%         1

Your spell library contained the following spells:

 Spells                   Type           Power      Damage    Failure   Level
 Plasma Beam              Fire/Air       0%         2x1d10    100%        6
 Starburst                Conj/Fire      0%         6d3       100%        6


Dungeon Overview and Level Annotations

Branches:
Dungeon (4/15)
 Temple: D:4-7

Altars:
Yredelemnul


Innate Abilities, Weirdness & Mutations

You are a tree.
Your roots penetrate the ground, keeping you stationary.
You cannot be teleported.
You are immune to unholy pain and torment.
Your maximum health is greatly increased.
Your equipment is partially melded.
You regenerate a little health from kills.
((You have a tail ending in a sharp stinger.))


Message History

Your life force feels restored.
You hit the wight.
The wight is moderately damaged.
The wight hits you with a +3 great sword.
* * * LOW HITPOINT WARNING * * *
You hit the wight.
The wight is heavily damaged.
The wight hits you but does no damage.
You hit the wight.
The wight is severely damaged.
The wight hits you but does no damage.
You closely miss the wight.
The wight is severely damaged.
The wight hits you with a +3 great sword.
* * * LOW HITPOINT WARNING * * *
You feel drained. The wight hits you but does no damage.
You hit the wight but do no damage.
The wight is severely damaged.
The wight hits you with a +3 great sword!
* * * LOW HITPOINT WARNING * * *
You feel drained.
* * * LOW HITPOINT WARNING * * *
You hit the wight but do no damage.
The wight is severely damaged.
The wight hits you but does no damage.
You closely miss the wight.
The wight is severely damaged.
Your transformation is almost over.
The wight hits you with a +3 great sword!
* * * LOW HITPOINT WARNING * * *
You hit the wight but do no damage.
The wight is severely damaged.
The wight hits you but does no damage.
You closely miss the wight.
The wight is severely damaged.
The wight hits you but does no damage.
You hit the wight but do no damage.
The wight is severely damaged.
The wight hits you with a +3 great sword.
You die...

#############.####.#
#.......... #......#
########..# ###....#
#..# #....# #..#
#....# #..# #....#
#..# ####.# #....#
#..# .....#.#
...#.###### #..#
######.##.....zz♣..#
#..#
.........[..#.####.#
####### #..# .........
#.# #.....# #...
#....#.#. #.#
#.....###.## .....#
.######.# #.....'...#
.....# ........#
#.....###### .#####
........# #...........
####
.......†######...#####
....
.######..........#


You could see 2 wights.

Vanquished Creatures
  3 wights (D:4)
  A bombardier beetle (D:3)
  A jelly (D:4)
  An orc priest (D:4)
  Ijyb (D:3)
  An orc wizard (D:4)
  Robin (D:2)
  5 adders
  A white imp (D:3)
  2 dart slugs (D:3)
  3 orcs (D:4)
  5 bats
  4 endoplasms
  2 giant cockroaches (D:1)
  11 goblins
  9 hobgoblins
  9 kobolds
  4 quokkas
  7 ball pythons
  2 frilled lizards (D:1)
  3 rats
76 creatures vanquished.

Notes
Turn   | Place    | Note
-------+----------+-------------------------------------------
     0 | D:1      | CraigForest the Demonspawn Gladiator began the quest for
                  | the Orb.
     0 | D:1      | Reached XP level 1. HP: 16/16 MP: 1/1
   171 | D:1      | Gained mutation: You regenerate a little health from kills.
                  | [demonic ancestry]
   171 | D:1      | Reached XP level 2. HP: 16/22 MP: 2/2
   253 | D:1      | Reached skill level 3 in Long Blades
   559 | D:1      | Learned a level 1 spell: Foxfire
   643 | D:1      | Discovered your monstrous ancestry.
   643 | D:1      | Gained mutation: You have a small tail. [demonic ancestry]
   643 | D:1      | Reached XP level 3. HP: 28/28 MP: 3/3
   866 | D:2      | Found a basalt altar of Yredelemnul.
   910 | D:2      | Noticed Robin
   934 | D:2      | Killed Robin
   937 | D:2      | Reached XP level 4. HP: 29/29 MP: 4/4
  1050 | D:2      | Reached skill level 1 in Armour
  1712 | D:3      | Noticed Ijyb
  1735 | D:3      | Killed Ijyb
  1736 | D:3      | Reached skill level 4 in Long Blades
  1823 | D:3      | Reached XP level 5. HP: 39/41 MP: 5/5
  2487 | D:4      | Gained mutation: You have a tail ending in a sharp stinger.
                  | [demonic ancestry]
  2487 | D:4      | Reached XP level 6. HP: 24/48 MP: 6/6
  2611 | D:4      | Reached skill level 5 in Long Blades
  2611 | D:4      | Reached skill level 1 in Stealth
  2625 | D:4      | HP: 1/69 [wight/+3 great sword (8)]
  2628 | D:4      | Slain by a wight

Illustrated notes

Levels and vault maps discovered:
D:1:      sevenhm_arrival_forest_fort_large_2, layout_loops_ring,
          minmay_crystal_room, chequers_jeans
D:2:      layout_loops_ring, basic_altar, moated_statue, uniq_robin
D:3:      layout_loops_ring, uniq_ijyb
D:4:      minmay_wonky_spiral, layout_basic, gammafunk_ghost_split

Skill      XL: |  1  2  3  4  5  6 |
---------------+-------------------+-----
Long Blades    | 3 4 5 |  5.2
Dodging        | 3 |  3.5
Armour         | 1 2 |  2.1
Fighting       | 3 4 |  4.4
Stealth        | 1 |  1.1
Throwing       | |  1.8

Action                     |  1- 3 |  4- 6 || total
---------------------------+-------+-------++-------
  Melee: Long sword        |   111 |   176 ||   287
         Tailslap          |     5 |    16 ||    21
         Punch             |       |     2 ||     2
    Use: Scroll            |     1 |     3 ||     4
         Potion            |     1 |     2 ||     3
   Stab: Sleeping          |     2 |     1 ||     3
 Armour: Leather armour    |    58 |    12 ||    70
         Skin              |    28 |    57 ||    85
         Ring mail         |       |    65 ||    65
  Dodge: Dodged            |    92 |    87 ||   179

Table legend: (Time is in decaauts)
 A = Elapsed time spent in this place.
 B = Non-inter-level travel time spent in this place.
 C = Inter-level travel time spent in this place.
 D = Time resting spent in this place.
 E = Time spent auto-exploring this place.
 F = Levels seen in this place.
 G = Mean time per level.
                   A        B        C        D        E       F      G
               +--------+--------+--------+--------+--------+-----+--------+
         Total |   2688 |   2596 |     92 |     56 |   1893 |   4 |  672.0 |
       Dungeon |   2688 |   2596 |     92 |     56 |   1893 |   4 |  672.0 |
               +--------+--------+--------+--------+--------+-----+--------+

Top non-repeatable levels by time:
     D:1: 830 daAuts
     D:2: 763 daAuts
     D:3: 755 daAuts
     D:4: 338 daAuts
